 Dungeon Crawl Stone Soup version 0.27-a0-95-g5a9077b8ae (webtiles) character file.

Game seed: 14700448158588318996

1334 kae the Insei (level 8, -1/50 HPs)
             Began as a Tengu Monk on Jan 15, 2021.
             Slain by a wyvern zombie (9 damage)
             ... on level 6 of the Dungeon on Jan 18, 2021.
             The game lasted 00:05:03 (6530 turns).

kae the Insei (Tengu Monk)                          Turns: 6530, Time: 00:05:03

Health: -1/50      AC:  4    Str: 15    XL:     8   Next: 61%
Magic:  0/9        EV: 19    Int: 10    God:
Gold:   318        SH:  0    Dex: 16    Spells: 7/7 levels left

rFire    . . .     SeeInvis .     - Unarmed
rCold    . . .     Faith    .   (no shield)
rNeg     . . .     Spirit   +   a - +1 robe
rPois    .         Reflect  .   (helmet restricted)
rElec    .         Harm     .   p - +0 cloak
rCorr    .         Rampage  .   (no gloves)
Will     +....                  (boots unavailable)
Stlth    ++........             w - amulet of guardian spirit
HPRegen  0.16/turn              i - ring of willpower (curse)
MPRegen  0.11/turn              (no ring)

@: flying quickly and evasively, studying Axes, quick
A: beak, talons 3, able to fly
a: Stop Flying


You were on level 6 of the Dungeon.
You visited 2 branches of the dungeon, and saw 7 of its levels.

You collected 344 gold pieces.
You spent 26 gold pieces at shops.

Inventory:

Armour
 a - a +1 robe (worn)
 p - a +0 cloak (worn)
Jewellery
 i - a cursed ring of willpower (left hand)
 w - an amulet of guardian spirit (around neck)
Wands
 o - a wand of random effects (25)
Scrolls
 g - 5 scrolls of remove curse
 h - 2 scrolls of magic mapping
 r - a scroll of enchant armour
 u - 2 scrolls of teleportation
 v - a scroll of amnesia
Potions
 b - 3 potions of invisibility
 c - 5 potions of curing
 d - a potion of heal wounds
 e - 3 potions of attraction
 f - 4 potions of magic
 l - 2 potions of might
 m - 2 potions of degeneration {unknown}
 n - 2 potions of brilliance {unknown}
 q - 2 potions of flight {unknown}
 s - a potion of cancellation {unknown}
 t - a potion of haste {unknown}
 x - a potion of ambrosia {unknown}
Books
 j - a manual of Axes


   Skills:
 + Level 5.4 Fighting
 + Level 4.7 Armour
 + Level 5.9 Dodging
 - Level 2.0 Stealth
 * Level 7.8 Unarmed Combat


You had 7 spell levels left.
You didn't know any spells.
Your spell library was empty.

Dungeon Overview and Level Annotations

Branches:
Dungeon (6/15)             Temple (1/1) D:5

Altars:
Ashenzari
Cheibriados
Dithmenos
Elyvilon
Fedhas
Hepliaklqana
Nemelex Xobeh
Okawaru
Qazlal
Ru
Uskayaw
Vehumet
Xom
Yredelemnul
The Shining One

Shops:
D:4 ([}*}


Innate Abilities, Weirdness & Mutations

You have a beak for a mouth.
You have claws for feet.
You can fly continuously.


Message History

The wyvern zombie misses you.
You are too injured to fight recklessly!
You are too injured to fight recklessly!
You are too injured to fight recklessly!
You are too injured to fight recklessly!
You completely miss the wyvern zombie. You claw the wyvern zombie.
You peck the wyvern zombie, but do no damage.
The wyvern zombie is heavily damaged.
The wyvern zombie bites you.
You hit the wyvern zombie. Your peck misses the wyvern zombie.
The wyvern zombie is heavily damaged.
The orc hits you. The orc priest hits you with a +0 mace.
The orc wizard hits you with a +0 dagger.
The wyvern zombie bites you!
* * * LOW HITPOINT WARNING * * *
You barely miss the wyvern zombie.
You claw the wyvern zombie, but do no damage.
The wyvern zombie is heavily damaged.
The orc barely misses you. The wyvern zombie bites you!
You die...

#.
#..................
..
#..............###
#.#
###............#
#..# ##..........##
#..###.!###......#
#..#...## #####.##
##....### ##
##.......##
#....@o...#
#...oZo....?#
#.............#
#..#............
....#..........>
................
...#........... ..
###.........


You could see an orc priest, an orc wizard, an orc and a wyvern zombie.

Vanquished Creatures
  Menkaure (D:5)
  A necrophage (D:4)
  A sky beast (D:5)
  An ice beast (D:5)
  An ogre (D:4)
  2 phantoms
  2 big kobolds (D:5)
  A howler monkey (D:5)
  An orc priest (D:4)
  A jelly (D:5)
  2 hounds
  Crazy Yiuf (D:4)
  3 worker ants
  2 iguanas (D:5)
  An orc wizard (D:4)
  5 adders
  A gnoll (D:1)
  A shadow imp (D:6)
  An ooze (D:5)
  4 worms
  3 dart slugs
  4 leopard geckos
  19 orcs
  7 bats
  A giant cockroach (D:4)
  3 goblins
  11 hobgoblins
  11 jackals
  13 kobolds
  5 quokkas
  2 ball pythons
  5 frilled lizards
  9 rats
126 creatures vanquished.

Notes
Turn   | Place    | Note
-------+----------+-------------------------------------------
     0 | D:1      | kae the Tengu Monk began the quest for the Orb.
     0 | D:1      | Reached XP level 1. HP: 14/14 MP: 2/2
   113 | D:1      | Reached XP level 2. HP: 6/19 MP: 3/3
   412 | D:1      | Reached skill level 1 in Armour
   678 | D:1      | Reached XP level 3. HP: 23/23 MP: 4/4
  1125 | D:1      | Reached skill level 4 in Unarmed Combat
  1531 | D:2      | Reached XP level 4. HP: 25/28 MP: 5/5
  1661 | D:2      | Found a shimmering altar of Xom.
  1929 | D:2      | Found a stormy altar of Qazlal.
  2586 | D:3      | Gained mutation: You can fly continuously. [Tengu growth]
  2586 | D:3      | Reached XP level 5. HP: 23/32 MP: 6/6
  2783 | D:3      | Found a white marble altar of Elyvilon.
  3237 | D:4      | Reached skill level 5 in Unarmed Combat
  3501 | D:4      | Found Hixkeluwn's Armour Emporium.
  3515 | D:4      | Reached XP level 6. HP: 29/38 MP: 7/7
  3585 | D:4      | Upgraded the game from 0.27-a0-92-g39ad13b146 to
                  | 0.27-a0-95-g5a9077b8ae
  3635 | D:4      | Noticed a phantom
  3682 | D:4      | Killed a phantom
  3829 | D:4      | Found Izxiecaeq's Weapon Boutique.
  3896 | D:4      | Found Qawolun's Gadget Shoppe.
  3923 | D:4      | Found Joditam's Gadget Emporium.
  4158 | D:4      | Noticed a necrophage
  4163 | D:4      | Killed a necrophage
  4164 | D:4      | Reached skill level 6 in Unarmed Combat
  4164 | D:4      | Reached XP level 7. HP: 41/44 MP: 8/8
  4443 | D:4      | Found Rynaurih's General Store.
  4449 | D:4      | Bought a scroll of identify for 26 gold pieces
  4529 | D:4      | Found a runed translucent door.
  4530 | D:4      | Noticed Crazy Yiuf
  4744 | D:4      | Killed Crazy Yiuf
  4841 | D:5      | Entered Level 5 of the Dungeon
  4859 | D:5      | Reached skill level 5 in Dodging
  5210 | D:5      | Reached skill level 7 in Unarmed Combat
  5210 | D:5      | Reached XP level 8. HP: 26/48 MP: 9/9
  5389 | D:5      | Noticed Menkaure
  5394 | D:5      | Killed Menkaure
  5395 | D:5      | Reached skill level 5 in Fighting
  5759 | D:5      | Found a hazy altar of Hepliaklqana.
  6060 | D:5      | Found a staircase to the Ecumenical Temple.
  6141 | Temple   | Entered the Ecumenical Temple
  6530 | D:6      | Slain by a wyvern zombie

Illustrated notes

Levels and vault maps discovered:
D:1:      wander_arrival_lonely_grave, layout_loops_cross, minivault_25,
          st_stairs_4, minmay_tromino_mix6
D:2:      layout_rooms, lemuel_coloured_pillars_altar, xom_teletrap_fun
D:3:      layout_rooms, elyvilon_altar_3
D:4:      cheibrodos_helix_gallery, layout_loops_corners, serial_shops,
          shop_statue, kennysheep_mini_moat, shop, shop, shop,
          minmay_manual_mess, uniq_crazy_yiuf_cottage
D:5:      cheibrodos_thug_alley, layout_rooms, nzn_hepliaklqana_mist_gate,
          minmay_temple_entry_statues, grunt_ministairs_2, uniq_menkaure
D:6:      layout_cave_pods, grunt_temple_overflow_order_and_chaos_2,
          nicolae_gozag_cash_rules_everything_around_me, lemuel_blue_sif_altar,
          old_standard_altar
Temple:   hc_temple_tempest_star

Skill      XL: |  1  2  3  4  5  6  7  8 |
---------------+-------------------------+-----
Armour         | 1 2 3 4 |  4.7
Unarmed Combat | 4 5 6 7 |  7.8
Dodging        | 4 5 |  5.9
Fighting       | 4 5 |  5.4
Stealth        | |  2.0

Action                   |  1- 3 |  4- 6 |  7- 9 || total
-------------------------+-------+-------+-------++-------
Melee: Unarmed           |    68 |   190 |   122 ||   380
       Kick              |    23 |    46 |    44 ||   113
       Peck              |    11 |    22 |    26 ||    59
       Punch             |       |     4 |     2 ||     6
 Abil: Fly               |       |     1 |       ||     1
  Use: Scroll            |       |    13 |     2 ||    15
 Stab: Sleeping          |     2 |    10 |     2 ||    14
Armor: Robe              |    12 |    13 |    17 ||    42
Dodge: Dodged            |    57 |   132 |    73 ||   262

Table legend: (Time is in decaauts)
 A = Elapsed time spent in this place.
 B = Non-inter-level travel time spent in this place.
 C = Inter-level travel time spent in this place.
 D = Time resting spent in this place.
 E = Time spent auto-exploring this place.
 F = Levels seen in this place.
 G = Mean time per level.
                   A        B        C        D        E       F      G
               +--------+--------+--------+--------+--------+-----+--------+
         Total |   6311 |   6113 |    198 |   1468 |   3754 |   7 |  901.6 |
       Dungeon |   6179 |   5995 |    184 |   1468 |   3640 |   6 | 1029.8 |
        Temple |    132 |    118 |     14 |      0 |    114 |   1 |  132.0 |
               +--------+--------+--------+--------+--------+-----+--------+

Top non-repeatable levels by time:
     D:4: 1882 daAuts
     D:1: 1413 daAuts
     D:5: 1156 daAuts
     D:3: 898 daAuts
     D:2: 766 daAuts
  Temple: 132 daAuts
     D:6: 62 daAuts
